 Dungeon Crawl Stone Soup version 0.24.0-13-gcf9b319 (webtiles) character file.

Game seed: 1496033172694972565, levelgen mode: deterministic

292 Fang the Skirmisher (level 6, -24/39 HPs)
             Began as a Gargoyle Fighter on Dec 16, 2019.
             Engulfed by a cloud of flame (35 damage)
             ... on level 2 of the Dungeon.
             The game lasted 00:01:34 (1099 turns).

Fang the Skirmisher (Gargoyle Fighter)              Turns: 1099, Time: 00:01:35

Health: -24/39     AC: 11    Str: 21    XL:     6   Next: 33%
Magic:  6/6        EV:  7    Int:  9    God:
Gold:   56         SH:  9    Dex:  9    Spells: 5/5 levels left

rFire    . . .     SeeInvis .   a - +0 war axe
rCold    . . .     Gourm    .   B - +0 shield
rNeg     + . .     Faith    .   b - +0 scale mail
rPois    ∞         Spirit   .   (no helmet)
rElec    +         Reflect  .   (no cloak)
rCorr    .         Harm     .   (no gloves)
MR       .....                  (no boots)
Stlth    ..........             (no amulet)
HPRegen  0.13/turn              (no ring)
MPRegen  0.10/turn              (no ring)

@: no status effects
A: negative energy resistance 1, electricity resistance, unbreathing,
petrification resistance, rot immunity, AC +4
a: no special abilities


You were on level 2 of the Dungeon.
You were not hungry.

You visited 1 branch of the dungeon, and saw 2 of its levels.

You collected 56 gold pieces.

Inventory:

Hand Weapons
 a - a +0 war axe (weapon)
Armour
 b - a +0 scale mail (worn)
 B - a +0 shield (worn)
Scrolls
 e - 4 scrolls of fear
 g - a scroll of identify
 j - a scroll of enchant weapon {unknown}
 k - a scroll of fog {unknown}
Potions
 d - 2 potions of might
 i - a potion of brilliance
 l - a potion of agility {unknown}
Comestibles
 c - 4 rations


   Skills:
 + Level 4.7 Fighting
 + Level 3.2 Axes
 + Level 4.6 Armour
 + Level 4.6 Shields


You had 5 spell levels left.
You didn't know any spells.
Your spell library was empty.

Dungeon Overview and Level Annotations

Branches:
Dungeon (2/15)

Altars:


Innate Abilities, Weirdness & Mutations

You are resistant to torment.
Your stone body is resilient. (AC +4)
You are immune to poison.
You resist negative energy. (rN+)
You are resistant to electric shocks. (rElec)
You can survive without breathing.
You are immune to petrification.
You are immune to rotting.


Message History

It is a scroll of identify.
i - a potion of brilliance
As you read the scroll labeled JOSSYC OLYSIL, it crumbles to dust.
The creatures around you are filled with an inner flame!
It was a scroll of immolation.
Adjust to which letter? (? for menu, Esc to quit)
B - a +0 shield (worn)
Adjust to which letter? (? for menu, Esc to quit)
c - 4 rations The bat closely misses you.
Found a stone staircase leading up.
The bat hits you.
You slash the bat!
The bat explodes!
The fiery explosion engulfs you!!
Ouch! That really hurt!
* * * LOW HITPOINT WARNING * * *
You are engulfed in blazing flames.
Ouch! That really hurt!
You die...

..######.#.. ♣♣♣♣♣.
#......#.#.#.... ≈≈ #
#......#...#..#♣ ♣≈♣♣ #
#.............<♣ ♣≈P♣ ...
#...............♣♣.P♣##+#
#.......§.§..............
#>......§§§..............
#.......@§....#+##.......
#.####.######<#.##.......
#. #.# #.....##### ...
#.# #.....# ####.. #.#
.#.....#### ......###.#
#..........## #.
#.#'##...# ##########..#
#.###....#.### ##.#
#..........# #.#


There were no monsters in sight!

Vanquished Creatures
  Sigmund (D:2)
  Jessica (D:2)
  A gnoll (D:1)
  4 adders (D:2)
  An ooze (D:1)
  2 worms (D:2)
  A dart slug (D:1)
  2 leopard geckos (D:2)
  A ball python (D:1)
  2 giant cockroaches (D:1)
  2 goblins (D:2)
  5 hobgoblins
  11 jackals
  3 kobolds (D:1)
  4 bats (D:2)
  A frilled lizard (D:1)
  4 rats
46 creatures vanquished.

Notes
Turn   | Place    | Note
-------+----------+-------------------------------------------
     0 | D:1      | Fang the Gargoyle Fighter began the quest for the Orb.
     0 | D:1      | Reached XP level 1. HP: 14/14 MP: 1/1
   114 | D:1      | Reached XP level 2. HP: 19/19 MP: 2/2
   234 | D:1      | Reached XP level 3. HP: 19/24 MP: 3/3
   557 | D:2      | Found a faded altar of an unknown god.
   668 | D:2      | Reached XP level 4. HP: 14/29 MP: 4/4
   761 | D:2      | Noticed Sigmund
   785 | D:2      | Killed Sigmund
   785 | D:2      | Reached XP level 5. HP: 11/34 MP: 5/5
   785 | D:2      | Reached XP level 6. HP: 12/39 MP: 6/6
   827 | D:2      | Noticed Jessica
   851 | D:2      | Killed Jessica
  1099 | D:2      | Engulfed by a cloud of flame

Levels and vault maps discovered:
D:1:      ncdulo_watergridlock, layout_basic, minmay_misc_feat_room
D:2:      layout_basic, serial_bayou, serial_bayou_pond_e, serial_bayou_pond_e,
          serial_bayou_crossing, serial_bayou_pond_d, serial_bayou_shore_b,
          serial_bayou_lagoon_a, chequers_ecumenical_altar_island, uniq_sigmund,
          uniq_jessica

Skill      XL: |  1  2  3  4 |
---------------+-------------+-----
Axes           | 2 3 |  3.2
Fighting       | 4 |  4.7
Armour         | 4 |  4.6
Shields        | 4 |  4.6

Action                   |  1- 3 |  4- 6 || total
-------------------------+-------+-------++-------
Melee: War axe           |    90 |    47 ||   137
  Use: Scroll            |       |     3 ||     3
  Eat: Chunk             |       |     1 ||     1
Armor: Scale mail        |    55 |    72 ||   127
Dodge: Dodged            |    38 |    45 ||    83
Block: Shield            |    62 |    49 ||   111
